 Dungeon Crawl Stone Soup version 0.23-a0-741-g38971ea054 (webtiles) character file.

58 LLavrengius the Skirmisher (level 3, -3/34 HPs)
             Began as a Minotaur Fighter on Jan 18, 2019.
             Slain by Sigmund
             ... wielding a +0 scythe
              (12 damage)
             ... on level 2 of the Dungeon.
             The game lasted 00:04:06 (986 turns).

LLavrengius the Skirmisher (Minotaur Fighter)        Turns: 986, Time: 00:04:07

Health: -3/34      AC:  6    Str: 21    XL:     3   Next: 75%
Magic:  2/2        EV:  7    Int:  5    God:
Gold:   76         SH:  9    Dex:  9    Spells: 2/2 levels left

rFire    . . .     SeeInvis .   a - +0 long sword
rCold    . . .     Gourm    .   c - +0 shield
rNeg     . . .     Faith    .   b - +0 scale mail
rPois    .         Spirit   .   (helmet restricted)
rElec    .         Reflect  .   l - scarf {cloud immunity}
rCorr    .         Harm     .   (no gloves)
MR       .....                  (no boots)
Stlth    ..........             (no amulet)
HPRegen  0.11/turn              (no ring)
MPRegen  0.08/turn              (no ring)

@: no status effects
A: retaliatory headbutt, horns 2
a: no special abilities


You were on level 2 of the Dungeon.
You were not hungry.

You visited 1 branch of the dungeon, and saw 2 of its levels.

You collected 76 gold pieces.

Inventory:

Hand Weapons
 a - a +0 long sword (weapon)
Armour
 b - a +0 scale mail (worn)
 c - a +0 shield (worn)
 l - a scarf of cloud immunity (worn)
Wands
 k - a wand of acid (7)
Scrolls
 e - a scroll of identify {unknown}
 i - 2 scrolls of magic mapping {unknown}
Potions
 d - a potion of might
 g - a potion of cancellation {unknown}
 h - a potion of curing {unknown}
 j - a potion of lignification {unknown}
Comestibles
 f - 2 rations


   Skills:
 + Level 4.4 Fighting
 + Level 3.5 Long Blades
 - Level 3.6 Armour
 + Level 4.4 Shields


You had 2 spell levels left.
You didn't know any spells.
Your spell library was empty.

Dungeon Overview and Level Annotations

Branches:
Dungeon (2/15)

Altars:

Annotations:
D:2 Sigmund


Innate Abilities, Weirdness & Mutations

You reflexively headbutt those who attack you in melee.
You have a pair of horns on your head.


Message History

You barely miss Sigmund.
Sigmund is lightly wounded.
You block Sigmund's attack.
You slash Sigmund! Your headbutt misses Sigmund.
Sigmund is heavily wounded.
Sigmund gestures at you while chanting. The magic dart hits you!
You closely miss Sigmund. You headbutt Sigmund, but do no damage.
Sigmund is heavily wounded.
Sigmund hits you with a +0 scythe!
* * * LOW HITPOINT WARNING * * *
You are too injured to fight recklessly!
You closely miss Sigmund.
Sigmund is heavily wounded.
Sigmund barely misses you.
You riposte.
You slash Sigmund!
Sigmund is severely wounded.
You slash Sigmund! You headbutt Sigmund.
Sigmund is almost dead.
Sigmund hits you with a +0 scythe!
You die...

##....######.
####........
#.####### +.#
#.####...
####........
##...........
#####....).......
#..[..@##########
#....@.# #......#
#......# #####...
#... ##.. ##..


You could see Sigmund.

Vanquished Creatures
  Jessica (D:2)
  A dart slug (D:2)
  2 leopard geckos (D:1)
  A giant cockroach (D:2)
  4 goblins
  5 hobgoblins
  2 kobolds (D:1)
  A quokka (D:2)
  2 bats
  3 frilled lizards
  4 rats
26 creatures vanquished.

Notes
Turn   | Place    | Note
-------+----------+-------------------------------------------
     0 | D:1      | LLavrengius the Minotaur Fighter began the quest for the
                  | Orb.
     0 | D:1      | Reached XP level 1. HP: 19/19 MP: 0/0
   129 | D:1      | Reached XP level 2. HP: 24/27 MP: 1/1
   653 | D:2      | Noticed Jessica
   663 | D:2      | Killed Jessica
   663 | D:2      | Reached XP level 3. HP: 8/34 MP: 2/2
   977 | D:2      | Noticed Sigmund
   986 | D:2      | Slain by Sigmund

Vault maps used:
D:1:      lemuel_arrival_cross, chequers_big_river
D:2:      tso_metal_star, first_ration, minmay_goblin_kobold_house,
          uniq_sigmund, uniq_jessica, uniq_crazy_yiuf_cottage

Skill      XL: |  1  2 |
---------------+-------+-----
Fighting       | 4 |  4.4
Shields        | 4 |  4.4
Long Blades    | 3 |  3.5
Armour         | |  3.6

Action                   || total
-------------------------++-------
Melee: Long sword        ||    54
       Headbutt          ||     4
Armor: Scale mail        ||    27
Dodge: Dodged            ||    33
Block: Shield            ||    32
       Rpst.: Long sword ||     8

Table legend:
 A = Non-vault XP
 B = Vault XP
 C = Vault XP percentage of total XP
 D = Non-vault monster count
 E = Vault monster count
 F = Vault count percentage of total count
                 A         B        C        D         E       F
            +---------+---------+-------+---------+---------+-------
      Total |      46 |      37 |  44.6 |      25 |       1 |   3.8
            +---------+---------+-------+---------+---------+-------
        D:1 |      27 |       0 |   0.0 |      15 |       0 |   0.0
        D:2 |      19 |      37 |  66.1 |      10 |       1 |   9.1
            +---------+---------+-------+---------+---------+-------
